[Event "Croatian 1A League 2022"]
[Site "Porec"]
[Date "2022.10.01"]
[Round "8.14"]
[White "Bernadskiy, Vitaliy"]
[Black "Hracek, Zbynek"]
[Result "1-0"]
[ECO "C58"]
[WhiteElo "2558"]
[BlackElo "2556"]
[Annotator "TA"]
[PlyCount "75"]
[EventDate "2022.09.24"]
[EventType "team-tourn"]
[EventCountry "CRO"]
[SourceTitle "playchess.com"]
[Source "ChessBase"]
[SourceQuality "1"]
[TimeControl "40/5400+30:1800+30"]

1. e4 e5 2. Nf3 Nc6 3. Bc4 Nf6 4. Ng5 d5 5. exd5 Na5 6. Bb5+ Bd7 7. Qe2 Be7 8. Nc3 O-O {[%emt 0:03:04][%cal Of6d5] C58: Two Knights: 4 Ng5 d5 5 exd5 Na5 sidelines.} 9. Bxd7 Qxd7 10. Nf3 ({Much worse is} 10. Qxe5 Bd6 11. Qd4 Rfe8+ 12. Kf1 Be5 $15) 10... e4 (10... Bc5 $11) 11. Nxe4 $14 Nxd5 {[%emt 0:00:15] [#] Strongly threatening ...Nf4.} 12. O-O {[%emt 0:06:07] [#]} c5 $146 ({Predecessor:} 12... Rfe8 13. d3 Rad8 14. Bd2 Bb4 15. a3 Bxd2 16. Qxd2 Nc6 17. Rfe1 b6 18. Ng3 Nf6 19. Rxe8+ Rxe8 {1-0 (62) Beznosikov,V (2323)-Schouten,N (2179) Porto 2014}) 13. d4 c4 {[%emt 0:05:43] White leaves nothing to chance now.} (13... cxd4 $14 14. Nxd4 Nc6) 14. Bd2 $16 Bb4 15. Ne5 Qc7 16. Bxb4 Nxb4 17. c3 Nd5 18. Nd2 {[%emt 0:05:11][%cal Re5c4] White is more active.} Rac8 19. Qf3 Rcd8 20. Rfe1 b5 21. g3 Nc6 22. a4 a6 23. axb5 axb5 24. Nxc6 Qxc6 25. Nf1 g6 26. Ne3 Qf6 27. Kg2 Qxf3+ 28. Kxf3 Nf6 29. Ra5 Rb8 30. Ng4 Rb6 31. Nxf6+ Rxf6+ $18 {[%emt 0:00:02][%mdl 4096] Endgame KRR-KRR} 32. Kg2 Rb8 33. Re5 Rfb6 34. Re7 Rf6 35. Raa7 Rd8 (35... b4 $142) 36. Rab7 Rf5 37. g4 Rg5 (37... Rf6 {was called for.} 38. Rxb5 h6) 38. h3 {[%emt 0:00:18] Weighted Error Value: White=0.07 (flawless) /Black=0.23 (precise)} 1-0

[Event "Croatian 1A League 2022"]
[Site "Porec"]
[Date "2022.10.01"]
[Round "8.15"]
[White "Leventic, Ivan"]
[Black "Lalic, Bogdan"]
[Result "1/2-1/2"]
[ECO "B40"]
[WhiteElo "2384"]
[BlackElo "2393"]
[Annotator "TA"]
[PlyCount "35"]
[EventDate "2022.09.24"]
[EventType "team-tourn"]
[EventCountry "CRO"]
[SourceTitle "playchess.com"]
[Source "ChessBase"]
[SourceQuality "1"]
[TimeControl "40/5400+30:1800+30"]

1. e4 c5 2. Nf3 e6 3. c4 Nc6 4. Nc3 Nge7 5. d4 cxd4 6. Nxd4 Nxd4 7. Qxd4 Nc6 8. Qe3 {[%emt 0:00:15] is now debated instead of 8.Qd1. B40: Sicilian: 2...e6, Unusual lines.} b6 9. Bd3 Bc5 10. Qg3 Qf6 11. O-O Qg6 {[%emt 0:00:12] [#] White took control after the opening.  Weighted Error Value: White=0.10 (very precise) /Black=0.04 (flawless)} {Predecessor:} 12. Bf4 $146 Qxg3 13. Bxg3 f6 14. Rfd1 Bb7 15. Rac1 Ne5 16. Kf1 h5 17. h3 Bc6 18. Ke2 {0-1 (48) Chernyshov,K (2578)-Rublevsky,S (2688) Irkutsk 2010} 1/2-1/2

[Event "Croatian 1A League 2022"]
[Site "Porec"]
[Date "2022.10.01"]
[Round "8.16"]
[White "Zaja, Ivan"]
[Black "Zivkovic, Vjekoslav"]
[Result "1/2-1/2"]
[ECO "D36"]
[WhiteElo "2417"]
[BlackElo "2364"]
[Annotator "TA"]
[PlyCount "51"]
[EventDate "2022.09.24"]
[EventType "team-tourn"]
[EventCountry "CRO"]
[SourceTitle "playchess.com"]
[Source "ChessBase"]
[SourceQuality "1"]
[TimeControl "40/5400+30:1800+30"]

1. d4 Nf6 2. c4 e6 3. Nc3 d5 4. cxd5 exd5 5. Bg5 Be7 6. e3 Nbd7 7. Bd3 O-O 8. Qc2 c6 9. Nge2 Re8 10. O-O Nf8 11. f3 g6 $1 {[%emt 0:03:10][%mdl 4] is recently more successful than 11...Be6.} 12. Bh4 Ne6 {[%emt 0:09:04] D36: Queen's Gambit Declined: Exchange Variation: Main line (5 Bg5 c6 6 Qc2).} 13. Bf2 Nh5 14. Kh1 {[%emt 0:04:39] [#]} Rf8 $146 {[%emt 0:17:16] The position is equal.} ({Predecessor:} 14... b6 15. Rad1 Bb7 16. Qb1 a5 17. a3 Bd6 18. Rfe1 Qc7 19. Bg1 Qd8 20. Bf2 Qc7 21. Bg1 Qd8 {½-½ (21) Yakovich,Y (2560)-Mukhametov,E (2515) Kazan 1995}) 15. g4 Nhg7 16. Bg3 b6 17. Rg1 Bb7 18. Qd2 c5 19. Bc2 f5 20. Be5 fxg4 21. f4 cxd4 (21... Qd7 $17) 22. exd4 $11 Qd7 23. h3 (23. Rxg4 $11 Bd6 24. Rag1) 23... Bf6 ({Black should try} 23... Bd6 $17 {Strongly threatening ...Bxe5.} 24. Rxg4 (24. hxg4 Bxe5 25. fxe5 Qe7 $17) 24... Bxe5 25. fxe5 Rf2) 24. Rxg4 (24. Bxf6 $1 $11 {keeps the balance.} Rxf6 25. hxg4) 24... Bxe5 $17 25. fxe5 Rf3 {[%emt 0:04:31] White must now prevent ...Raf8.} 26. Ng1 {[%emt 0:02:53] Weighted Error Value: White=0.34/Black=0.21 (precise)} 1/2-1/2

[Event "Croatian 1A League 2022"]
[Site "Porec"]
[Date "2022.10.01"]
[Round "8.17"]
[White "Medak, Bojan"]
[Black "Kovacevic, Blazimir"]
[Result "1/2-1/2"]
[ECO "E18"]
[WhiteElo "2353"]
[BlackElo "2405"]
[Annotator "TA"]
[PlyCount "28"]
[EventDate "2022.09.24"]
[EventType "team-tourn"]
[EventCountry "CRO"]
[SourceTitle "playchess.com"]
[Source "ChessBase"]
[SourceQuality "1"]
[TimeControl "40/5400+30:1800+30"]

1. d4 d5 2. Nf3 Nf6 3. c4 e6 4. g3 Be7 5. Bg2 O-O 6. Qc2 b6 7. O-O Bb7 8. cxd5 exd5 9. Nc3 Na6 {[%emt 0:01:49][%cal Bb8a6,Ba6c7,Bc7d5][%mdl 32] is now debated instead of 9...Nbd7.} 10. Rd1 c6 {[%emt 0:02:21] E18: Queen's Indian: Old Main Line (4 g3 Bb7 5 Bg2 Be7 6 0-0 0-0 7 Nc3).} 11. a3 Nc7 {[%emt 0:00:49] [#]} 12. e4 $146 ({Predecessor:} 12. Ne5 Ne6 13. b3 Rc8 14. Bb2 Nd7 15. e4 Nxe5 16. exd5 Nxd4 17. Rxd4 cxd5 18. Qf5 {1-0 (27) Kuchynka,L (2287)-Bazant,P (2392) Czech Republic 2011}) 12... Nxe4 {[%emt 0:02:15] The position is equal.} 13. Nxe4 dxe4 14. Qxe4 Nd5 {[%emt 0:00:10] Black did not feel at home in the position after the opening.  Weighted Error Value: White=0.09 (flawless) /Black=0.03 (flawless)} 1/2-1/2

[Event "Croatian 1A League 2022"]
[Site "Porec"]
[Date "2022.10.01"]
[Round "8.18"]
[White "Sale, Srdjan"]
[Black "Mrkonjic, Nenad"]
[Result "1/2-1/2"]
[ECO "A11"]
[WhiteElo "2366"]
[BlackElo "2347"]
[Annotator "TA"]
[PlyCount "43"]
[EventDate "2022.09.24"]
[EventType "team-tourn"]
[EventCountry "CRO"]
[SourceTitle "playchess.com"]
[Source "ChessBase"]
[SourceQuality "1"]
[TimeControl "40/5400+30:1800+30"]

1. Nf3 Nf6 2. g3 d5 3. Bg2 c6 4. O-O Bf5 5. d3 h6 6. c4 dxc4 7. dxc4 Qxd1 8. Rxd1 e6 {[%emt 0:00:22] was the old line (8...Bc2).} 9. Nc3 Nbd7 10. Be3 Be7 {[%emt 0:02:43] A11: English Opening: 1...c6.} 11. Rac1 O-O 12. Nd4 Bg6 13. Nb3 a5 14. Na4 $1 Rfd8 {[%emt 0:05:38] [#]} 15. a3 $146 ({Predecessor:} 15. h3 Be4 16. Bxe4 Nxe4 17. Rxd7 Rxd7 18. Nb6 Rdd8 19. Nxa8 Rxa8 20. a4 Bg5 21. Bxg5 hxg5 {1-0 (80) Hausrath,D (2493)-Akopian,G (2261) Kallithea 2008}) 15... Be4 16. Bxe4 Nxe4 17. f3 Nef6 18. Nb6 Nxb6 {[%emt 0:14:40] The position is equal.} 19. Bxb6 Rxd1+ 20. Rxd1 a4 21. Nc5 Kf8 22. Nd3 {[%emt 0:07:03] Weighted Error Value: White=0.09 (flawless) /Black=0.06 (flawless)} ({Don't go for} 22. Nxb7 $2 Rb8 23. Nc5 Rxb6 $19) 1/2-1/2

[Event "Croatian 1A League 2022"]
[Site "Porec"]
[Date "2022.10.01"]
[Round "8.19"]
[White "Vavulin, Maxim"]
[Black "Kaczur, Florian"]
[Result "1/2-1/2"]
[ECO "C88"]
[WhiteElo "2550"]
[BlackElo "2483"]
[Annotator "TA"]
[PlyCount "86"]
[EventDate "2022.09.24"]
[EventType "team-tourn"]
[EventCountry "CRO"]
[SourceTitle "playchess.com"]
[Source "ChessBase"]
[SourceQuality "1"]
[TimeControl "40/5400+30:1800+30"]

1. e4 e5 2. Nf3 Nc6 3. Bb5 a6 4. Ba4 Nf6 5. O-O Be7 6. Re1 b5 7. Bb3 O-O 8. a4 b4 9. a5 d6 10. d3 Be6 11. Nbd2 {[%emt 0:02:29] C88: Closed Ruy Lopez: Anti-Marshall Systems.} h6 {[%emt 0:08:50] 11...Bxb3 gains popularity.} 12. Nc4 Nd7 13. Be3 {[%emt 0:01:22] White is slightly better.} Bf6 14. c3 bxc3 15. bxc3 Rb8 16. h3 {[%emt 0:01:42] [#]} d5 $146 (16... Ne7 $11 {was preferrable.}) ({Predecessor:} 16... Ne7 17. Qc2 d5 18. Ncd2 c6 19. Ba2 Ng6 20. d4 Kh8 21. dxe5 Ndxe5 22. Nd4 Bg5 23. Nxe6 fxe6 24. exd5 Bxe3 25. Rxe3 {1-0 (41) Spraggett,K (2585)-Shchekachev,A (2526) Metz 2005}) 17. Ba4 dxe4 $1 18. dxe4 (18. Bxc6 exf3 19. g4 (19. Qxf3 e4 $17) 19... e4 $15) 18... Ne7 19. Qe2 Ng6 20. Ncd2 Qc8 21. Bc2 Qb7 22. Kh2 Be7 23. Bd3 Nc5 24. Bxc5 Bxc5 25. Bxa6 Qa7 26. Bc4 $1 Nf4 $36 {[%emt 0:06:50][%mdl 2048] Black has the initiative.} ({Don't play} 26... Bxf2 27. Rf1 Bxc4 28. Nxc4 $14) 27. Qf1 Bxf2 {[%emt 0:00:33] [#] Threatens to win with ...Nh5. A strong pair of Bishops.} 28. Reb1 $1 Nh5 (28... Rbe8 $15 {is more appropriate.} 29. Bxe6 Rxe6) 29. Rxb8 $1 $11 {[%emt 0:02:16] The board is on fire.} Bg3+ 30. Kh1 {[%emt 0:00:00][%cal Bh2h1,Bh1g1,Bg1f2][%mdl 32] aiming for Rxf8+.} Qxb8 31. Bxe6 (31. Qb1 $11 {keeps the balance.}) 31... Bf4 $17 32. Qf2 {[%emt 0:01:33] [#] Black must now prevent Bb3.} Ng3+ 33. Kg1 {[%emt 0:00:06] Bb3 is the strong threat.} Qb2 (33... fxe6 $17 34. Re1 Qb5) 34. Re1 $1 $14 {[%emt 0:00:46] Strongly threatening Nf1.} ({Weaker is} 34. Rb1 Qxc3 35. Nc4 fxe6 $17) 34... fxe6 35. Nf1 Qxf2+ 36. Kxf2 Nxf1 37. Rxf1 {[%emt 0:00:36][%mdl 4096] Endgame KRB-KRN} Bd2 $1 38. a6 ({Better is} 38. Ra1 $1 $14) 38... Bxc3 $11 39. Rb1 {[%emt 0:00:30] And now Rb7 would win.} Ra8 40. Rb7 Ba5 (40... Rxa6 $15 41. Rxc7 Bd4+ 42. Kg3 Bb2) 41. Nxe5 {[%emt 0:04:59] The position is equal.} Rxa6 42. Nc4 $1 Bb6+ 43. Kf3 Ra4 {[%emt 0:07:51] Weighted Error Value: White=0.11 (very precise) /Black=0.11 (very precise)} 1/2-1/2

[Event "Croatian 1A League 2022"]
[Site "Porec"]
[Date "2022.10.01"]
[Round "8.20"]
[White "Janzelj, Tim"]
[Black "Fercec, Nenad"]
[Result "0-1"]
[ECO "A46"]
[WhiteElo "2456"]
[BlackElo "2403"]
[Annotator "TA"]
[PlyCount "90"]
[EventDate "2022.09.24"]
[EventType "team-tourn"]
[EventCountry "CRO"]
[SourceTitle "playchess.com"]
[Source "ChessBase"]
[SourceQuality "1"]
[TimeControl "40/5400+30:1800+30"]

1. d4 Nf6 2. Bg5 e6 3. e4 h6 4. Bxf6 Qxf6 5. Nf3 d6 6. Nc3 Qe7 {[%emt 0:00:22] A46: 1 d4 Nf6 2 Nf3 e6: Torre, London and Colle Systems.} 7. Bd3 g6 8. Qd2 Bg7 {[%emt 0:00:27] The position is equal.} 9. O-O-O O-O 10. e5 d5 11. h4 {[%emt 0:00:51] [#]} c5 $146 ({Predecessor:} 11... a6 12. Ne2 Nd7 13. h5 g5 14. c3 c5 15. Bb1 f5 16. exf6 Bxf6 17. Nh2 Rd8 {1-0 (25) Horvath,P (2415)-Preisz,B (2107) Zalakaros 1999}) 12. dxc5 Nd7 13. Rde1 (13. h5 g5 $15) 13... Nxc5 14. Nd4 Nxd3+ 15. Qxd3 Bd7 16. f4 b5 17. g4 (17. Ndxb5 $6 Qb4 $11) 17... b4 18. Nce2 a5 19. Kb1 $1 a4 (19... b3 $142) 20. h5 $16 g5 21. fxg5 $1 hxg5 22. Nc1 {[%emt 0:09:01] Black must now prevent h6.} Bh6 23. Rhf1 b3 24. cxb3 (24. axb3 $6 a3 $14) 24... axb3 25. a3 (25. Qxb3 Rfc8 $16) (25. Ndxb3 $6 Rfb8 $16) (25. Ncxb3 $6 Ba4 $16) (25. axb3 $6 Rfb8 $11) 25... Bc8 26. Rf6 (26. Ncxb3 Ba6 27. Qe3 Bxf1 28. Rxf1 f6 $11) 26... Bg7 27. Rf2 Ba6 28. Qe3 (28. Qxb3 $6 Bc4 29. Qe3 Ra6 $14) 28... Rfc8 29. h6 (29. Ndxb3 $6 Bc4 $14) (29. Ncxb3 $18 Bc4 30. Nd2) 29... Bxh6 30. Rf6 ({Better is} 30. Rh2 $16 Bg7 31. Ncxb3) 30... Bg7 $11 31. Qxg5 {[%emt 0:05:51] [#]} (31. Rf3 $11) 31... Rxc1+ $1 $17 32. Qxc1 {[%emt 0:00:01][%cal Oe1d1] And now Rd1! would win.} Bd3+ (32... Bxf6 $6 33. Nc6 Qc7 34. exf6 Bd3+ 35. Ka1 $11) 33. Ka1 {[%emt 0:00:01] Re3 is the strong threat.} Qb4 $1 {[%emt 0:00:25][%mdl 1024] Black has strong compensation.} (33... Bxf6 $6 34. Nc6 Qc7 35. exf6 $11) 34. Nf3 Be4 (34... Qxg4 35. Rg1 Qc4 36. Qxc4 dxc4 37. Rf4 $16) (34... Bxf6 $15 35. exf6 Qc4) 35. Re3 (35. g5 $11) 35... Bc2 $1 {[%emt 0:00:57] Hoping for ...Bf8. This bishop pair is nice.} (35... Bxf6 $6 36. exf6 Bg6 37. Re2 $11) 36. g5 {[%emt 0:00:31] [#]} (36. Re1 $17 {keeps fighting.}) 36... d4 $2 $40 {[%emt 0:00:30][%mdl 128] Black is up to no good. The board is on fire.} (36... Bf8 $1 $19 {[%cal Rf8c5] Strongly threatening ...Bc5.} 37. Re1 Rxa3+ 38. bxa3 Qc3+ 39. Qb2 Qa5) 37. Rf4 $11 Rd8 (37... Qb6 $11 38. Rxd4 (38. Nxd4 Rd8 $11) 38... Bf8) 38. Rxd4 $2 (38. axb4 $2 Ra8#) ({Much worse is} 38. g6 fxg6 39. Re2 (39. axb4 $2 Ra8#) 39... Qb5 $11) (38. Re1 $16) 38... Rxd4 $19 {[%emt 0:00:19] Black is clearly winning.} 39. axb4 {[%emt 0:00:01] [#]} Rd8 40. Rxb3 Bxb3 41. Nd2 Ra8+ 42. Kb1 Ba2+ 43. Kc2 Rc8+ 44. Kd1 Rxc1+ 45. Kxc1 Bxe5 {[%emt 0:00:19] Black used his chance.  Weighted Error Value: White=0.48/Black=0.18 (very precise)} 0-1

[Event "Croatian 1A League 2022"]
[Site "Porec"]
[Date "2022.10.01"]
[Round "8.21"]
[White "Krsnik Cohar, Ivan Vihor"]
[Black "Ivekovic, Bozidar"]
[Result "0-1"]
[ECO "B20"]
[WhiteElo "2296"]
[BlackElo "2407"]
[Annotator "TA"]
[PlyCount "92"]
[EventDate "2022.09.24"]
[EventType "team-tourn"]
[EventCountry "CRO"]
[SourceTitle "playchess.com"]
[Source "ChessBase"]
[SourceQuality "1"]
[TimeControl "40/5400+30:1800+30"]

1. e4 c5 2. b3 b6 3. Bb2 Bb7 4. Nc3 e6 5. f4 d5 ({Better is} 5... Be7 $11) 6. Bb5+ {[%emt 0:02:53] B20: Sicilian: Unusual White 2nd moves.} Nd7 $1 {[%emt 0:00:22] [#]} 7. d3 $146 ({White should try} 7. exd5 $11 exd5 8. Qe2+ Qe7 9. Nf3) ({Predecessor:} 7. Qe2 d4 8. Nd1 Ngf6 9. Nf2 a6 10. Bd3 Qc7 11. Ngh3 Nb8 12. O-O Nc6 13. c3 {0-1 (56) Zawadzka,J (2424)-Padmini,R (2324) Riadh 2017}) 7... a6 8. Bxd7+ {[%emt 0:00:08] Black is slightly better.} Qxd7 9. Nf3 Nf6 (9... d4 $5 10. Nb1 Bd6 $11) 10. Qe2 dxe4 11. dxe4 Qc6 (11... Be7 $11) 12. Ne5 (12. O-O-O $1 $14) 12... Qc7 $11 13. O-O b5 14. Ng4 Nxg4 15. Qxg4 b4 (15... c4 {is more complex.} 16. f5 h5 17. Qf3 O-O-O) 16. Na4 Bxe4 17. Rae1 f5 18. Qe2 Qc6 $2 (18... Bd6 $15 {keeps the upper hand.}) 19. Qh5+ $1 $16 {[%emt 0:00:50][%mdl 1024] White has strong compensation.} Ke7 (19... g6 $2 20. Qh3 $18) 20. Rd1 (20. c4 $16) 20... Qe8 (20... c4 $1 $11) 21. Qg5+ (21. Qh4+ $1 $16 Kf7 22. Nb6) 21... Kf7 $11 22. Nb6 {[%emt 0:00:11] Rd7+ is the strong threat.} h6 23. Qh5+ (23. Qh4 $5 c4 24. Nxc4 $14 (24. Nxa8 c3 $15)) 23... Kg8 24. Qh4 $132 {[%emt 0:00:02][%mdl 2048] White is not holding back} Ra7 (24... Bxc2 25. Rd2 Be4 26. Nxa8 Qxa8 27. Rd8 $18) 25. Rd8 Qg6 26. Rf2 Kh7 27. Nd7 $1 Bd6 28. Be5 (28. Nf6+ $11 {remains equal.} gxf6 29. Rxd6) 28... Rxd8 $17 {[%emt 0:00:34] The board is on fire.} 29. Qxd8 Ra8 (29... Qf7 $17 30. Nb6 Bxe5 31. fxe5 Bc6) 30. Qb6 $15 Be7 {[%emt 0:00:31][%cal Oc5c4] This bishop pair is nice.} 31. Nxc5 {[%emt 0:01:38] [#]} (31. Rd2 $15) 31... Bxc5 (31... Rd8 $1 $17 {[%cal Rd8d1] ( -> ...Rd1+)} 32. Nd3 (32. Nxe4 fxe4 33. g3 Rd5 $19) 32... Rd5) 32. Qxc5 $11 Rd8 33. Bd6 Qg4 {[%emt 0:00:11] aiming for ...Qd1+.} (33... Qf6 $5 ) 34. Rd2 {[%emt 0:00:01][%mdl 8192] [#] Inhibits Qd1+. Loses the game.} (34. Qd4 $11 {and White has nothing to worry.}) 34... Bxg2 $1 $19 {[%emt 0:00:15][%cal Be4g2,Bg2h3,Bh3g4][%mdl 544] Strongly threatening ...Bh3+.} 35. h3 Bxh3+ 36. Kh2 e5 {[%emt 0:01:54] Threatens to win with ...Qxf4+.} ({Don't blunder} 36... Bf1 $2 37. Qf2 Qh3+ 38. Kg1) 37. Qxe5 (37. Qf2 exf4 38. Bxf4 Rxd2 39. Bxd2) 37... Qh5 $2 (37... Bf1 38. Qe7 Qh5+ 39. Kg1 Re8 40. Qxe8 Qxe8 41. Kxf1 Qe3) 38. Qe3 Bg4+ 39. Kg2 a5 {[%emt 0:01:16] White must now prevent ...Rc8.} 40. c4 $2 (40. Bxb4 {was necessary.} Re8 41. Be7) 40... bxc3 $1 41. Qxc3 Qe8 {[%emt 0:05:47] And now ...Qe4+ would win.} 42. Be5 {[%emt 0:03:35] [#]} Rc8 ({And not} 42... Rxd2+ 43. Qxd2 a4 44. Qd5 $17) 43. Qxa5 (43. Qe3 $19) 43... Qh5 {[%emt 0:02:59] Black mates.} 44. Bc7 Qh3+ 45. Kf2 Qf3+ 46. Kg1 Qe3+ {[%emt 0:00:18] Weighted Error Value: White=0.65/Black=0.30} 0-1

[Event "Croatian 1A League 2022"]
[Site "Porec"]
[Date "2022.10.01"]
[Round "8.22"]
[White "Ostovic, Matija"]
[Black "Franic, Milan"]
[Result "1/2-1/2"]
[ECO "E46"]
[WhiteElo "2386"]
[BlackElo "2365"]
[Annotator "TA"]
[PlyCount "29"]
[EventDate "2022.09.24"]
[EventType "team-tourn"]
[EventCountry "CRO"]
[SourceTitle "playchess.com"]
[Source "ChessBase"]
[SourceQuality "1"]
[TimeControl "40/5400+30:1800+30"]

1. d4 Nf6 2. c4 e6 3. Nc3 Bb4 4. e3 O-O 5. Nge2 c6 6. a3 {[%emt 0:00:35] E46: Nimzo-Indian: Rubinstein: 4 e3 0-0 5 Ne2 without early Bd3.} Ba5 7. b4 Bc7 8. e4 {[%emt 0:03:57] The position is equal.} a5 {[%emt 0:02:47] [#] Threatens to win with ...axb4.} 9. e5 Ne8 {[%emt 0:00:09] White must now prevent ...axb4.} 10. b5 f6 11. exf6 Qxf6 12. Be3 d5 13. Ng3 {[%emt 0:02:56] [#]} Nd7 $146 ({Predecessor:} 13... c5 14. cxd5 cxd4 15. Bxd4 Qf7 16. Bc4 Nd6 17. Ba2 exd5 18. O-O Be6 19. b6 Bd8 20. Bc5 Qd7 21. Bxd5 Be7 22. Re1 Bxd5 23. Nxd5 Bd8 24. Nc7 {1-0 (24) Zhao,J (2638)-Ganguly,S (2640) Chess.com INT 2020}) 14. Be2 Nb6 {[%emt 0:13:56] [#]} (14... Nd6 $11 {remains equal.}) 15. O-O {[%emt 0:20:28] An interesting draw.  Weighted Error Value: White=0.03 (flawless) /Black=0.15 (very precise)} (15. c5 $1 $16 Nd7 16. O-O) 1/2-1/2

[Event "Croatian 1A League 2022"]
[Site "Porec"]
[Date "2022.10.01"]
[Round "8.23"]
[White "Glavas, Dragan"]
[Black "Ivekovic, Zvonimir"]
[Result "0-1"]
[ECO "A85"]
[WhiteElo "2249"]
[BlackElo "2380"]
[Annotator "TA"]
[PlyCount "84"]
[EventDate "2022.09.24"]
[EventType "team-tourn"]
[EventCountry "CRO"]
[SourceTitle "playchess.com"]
[Source "ChessBase"]
[SourceQuality "1"]
[TimeControl "40/5400+30:1800+30"]

1. d4 f5 2. c4 Nf6 3. Nc3 e6 4. a3 d5 5. g3 {[%emt 0:00:44] [#]} Bd6 $146 ({Predecessor:} 5... a5 6. Bf4 Bd6 7. Bxd6 Qxd6 8. c5 Qe7 9. Nf3 O-O 10. e3 b6 11. cxb6 cxb6 12. Qb3 Nbd7 {½-½ (34) Storck,M (1927)-Steiner,K (1930) Germany 2017}) 6. c5 {[%emt 0:02:53] A85: Dutch Defence: 2 c4 Nf6 3 Nc3.} Be7 7. b4 O-O 8. Bg2 {[%emt 0:01:15] The position is equal.} Ne4 (8... b6 $142) 9. Qb3 (9. Nxe4 $11 dxe4 10. e3) 9... Bf6 10. Nf3 Nc6 11. e3 b6 12. Bb2 Rb8 {[%emt 0:02:16] Black is more active.} (12... bxc5 $15 13. bxc5 Rb8) 13. cxb6 $11 cxb6 14. Rc1 Qd7 15. Nxe4 fxe4 16. Nd2 Ba6 17. Qa4 $1 Rfc8 18. Bf1 (18. Qxa6 $14 {is the one way to stay ahead.} b5 19. Nb3) 18... Bxf1 $17 19. Rxf1 Rc7 (19... a5 $17 {...axb4 is the strong threat.} 20. f3 axb4 21. fxe4 Ra8) 20. Qb3 $15 Rbc8 21. Ke2 {[%emt 0:01:03] Loses the game.} (21. f3 $17 {was called for.}) 21... Qf7 $19 {[%emt 0:04:39] aiming for ...Qh5+.} 22. f3 Qh5 23. Nxe4 $2 (23. Kd1) 23... dxe4 24. Qxe6+ Kh8 25. Qxe4 Qxh2+ 26. Rf2 Qxg3 27. f4 Re7 28. Rxc6 Qg4+ (28... Rxe4 $2 {leads to mate.} 29. Rxc8+) (28... Rce8 $142 29. Qxe7 Bxe7) 29. Qf3 Qxf3+ {[%emt 0:00:05][%mdl 64] Remove Defender} 30. Kxf3 Rxc6 31. e4 Rec7 {[%emt 0:02:09] And now ...Rc2 would win.} 32. Rd2 Rc2 33. Ke3 Rxd2 34. Kxd2 h5 35. e5 Be7 36. d5 h4 {[%emt 0:00:12] Strongly threatening ...h3.} 37. d6 Rd7 {[%emt 0:00:53] White must now prevent ...h3.} 38. Ke3 {[%emt 0:00:17] [#]} Bxd6 $1 39. exd6 (39. Kf3 Be7) 39... Rxd6 {[%emt 0:00:02] ( -> ...h3)} 40. Be5 Re6 {[%emt 0:00:00] Black mates.} 41. Kf3 {[%emt 0:00:56] [#]} Rxe5 $1 42. fxe5 Kg8 {[%emt 0:00:01] Weighted Error Value: White=0.91/Black=0.35} 0-1

[Event "Croatian 1A League 2022"]
[Site "Porec"]
[Date "2022.10.01"]
[Round "8.24"]
[White "Zovko, Mario"]
[Black "Rubil, Marko"]
[Result "1/2-1/2"]
[ECO "C45"]
[WhiteElo "2306"]
[BlackElo "2270"]
[Annotator "TA"]
[PlyCount "45"]
[EventDate "2022.09.24"]
[EventType "team-tourn"]
[EventCountry "CRO"]
[SourceTitle "playchess.com"]
[Source "ChessBase"]
[SourceQuality "1"]
[TimeControl "40/5400+30:1800+30"]

1. e4 e5 2. Nf3 Nc6 3. d4 exd4 4. Nxd4 Nf6 5. Nxc6 bxc6 6. e5 Qe7 7. Qe2 Nd5 8. c4 Nb6 9. Nc3 Ba6 {[%emt 0:02:34] C45: Scotch Game.} 10. b3 O-O-O $1 11. Bb2 Re8 12. f4 f6 {[%emt 0:04:52][%cal Rf6e5] The position is equal.} 13. O-O-O fxe5 14. fxe5 Qxe5 15. Qxe5 Rxe5 16. a4 {[%emt 0:00:10] has lost popularity (16.Bd3).} d6 17. g3 Be7 18. Bg2 Bg5+ 19. Kc2 {[%emt 0:00:08] [#] Threatens to win with Ne4.} Rhe8 {[%emt 0:00:24][%cal Oe5e2] ...Re2+! is the strong threat.} 20. Bxc6 Nd7 {[%emt 0:00:14] [#]} 21. Rd5 $146 ({Predecessor:} 21. Rhf1 Bb7 22. Bxb7+ Kxb7 23. h4 Bf6 24. Bc1 R5e6 25. Bd2 Nc5 26. Rde1 Bxc3 27. Kxc3 {0-1 (64) Grabowski,B (1940)-Eichhorn,G ICCF email 2016}) 21... Rxd5 22. Bxd5 Bb7 23. Bxb7+ {[%emt 0:05:50] An interesting draw.  Weighted Error Value: White=0.02 (flawless) /Black=0.00 (flawless)} 1/2-1/2